 Dungeon Crawl Stone Soup version 0.19.0-2-gae57169 (webtiles) character file.

3880 Gargoyl the Protected (level 10, -1/76 HPs)
             Began as a Demonspawn Abyssal Knight on Nov 7, 2016.
             Was an Elder of Lugonu.
             Slain by a yak (8 damage)
             ... on level 9 of the Dungeon.
             The game lasted 00:14:23 (8623 turns).

Gargoyl the Protected (Demonspawn Abyssal Knight)   Turns: 8623, Time: 00:14:23

Health: -1/76      AC: 13    Str: 16    XL:     10   Next: 0%
Magic:  15/15      EV:  8    Int: 14    God:    Lugonu [****..]
Gold:   278        SH:  0    Dex: 16    Spells: 0 memorised, 9 levels left

rFire  . . .     SeeInvis .     n - +0 war axe (drain)
rCold  + . .     Gourm    .     y - +1 chain mail {rC+}
rNeg   . . .     Faith    .     (no shield)
rPois  +         Spirit   .     (helmet unavailable)
rElec  .         Reflect  .     (no cloak)
rCorr  .         Harm     .     (no gloves)
MR     .....                    e - +0 pair of boots
Stlth  ..........               (no amulet)
                                (no ring)
                                t - ring of poison resistance

@: no status effects
A: horns 3, thin skeletal structure 2, demonic guardian 1, mutation resistance
1, spiny 1
a: Depart the Abyss, Bend Space, Banish, Corrupt, Renounce Religion


You were on level 9 of the Dungeon.
You worshipped Lugonu.
Lugonu was greatly pleased with you.
You were not hungry.

You visited 1 branch of the dungeon, and saw 9 of its levels.
You visited the Abyss 1 time.

You collected 478 gold pieces.
You spent 200 gold pieces at shops.

Inventory:

Hand Weapons
 l - a +0 blowgun
 n - a +0 war axe of draining (weapon)
 C - a +0 war axe
Missiles
 m - 52 poisoned needles
Armour
 e - a +0 pair of boots (worn)
 y - a +1 chain mail of cold resistance (worn)
Jewellery
 t - a ring of poison resistance (left hand)
 x - an uncursed ring of protection from magic {unknown}
 z - an uncursed ring of positive energy {unknown}
Wands
 a - a wand of hasting (7/9)
 s - a wand of lightning (7/15)
 D - a wand of confusion (32/48)
Scrolls
 h - 4 scrolls of amnesia
 q - 2 scrolls of identify {unknown}
 r - 2 scrolls of remove curse
 u - 3 scrolls of teleportation
 A - 3 scrolls of magic mapping {unknown}
 E - a scroll of brand weapon
Potions
 i - a potion of haste
 k - a potion of brilliance {unknown}
 o - 3 potions of lignification {unknown}
 p - a potion of heal wounds
 v - 3 potions of flight {unknown}
 w - a potion of berserk rage {unknown}
Books
 f - a book of Conjurations

   Spells                             Type                      Level
   a - Magic Dart                     Conjuration                  1
   b - Searing Ray                    Conjuration                  2
   c - Dazzling Spray                 Conjuration/Hexes            3
   d - Fulminant Prism                Conjuration/Hexes            4
   e - Iskenderun's Mystic Blast      Conjuration                  4
   f - Iskenderun's Battlesphere      Conjuration/Charms           5
 B - a book of Ice

   Spells                             Type                      Level
   a - Ice Form                       Ice/Transmutation            4
   b - Metabolic Englaciation         Hexes/Ice                    5
   c - Ozocubu's Refrigeration        Ice                          6
   d - Bolt of Cold                   Conjuration/Ice              6
   e - Freezing Cloud                 Conjuration/Ice/Air          6
   f - Simulacrum                     Ice/Necromancy               6
Comestibles
 b - a fruit
 c - 7 bread rations
 d - 4 meat rations
 g - 5 beef jerkies
 j - a royal jelly
 F - a chunk of flesh


   Skills:
 + Level 5.8 Fighting
 + Level 7.8 Axes
 * Level 8.0 Armour
 + Level 2.7 Dodging
 * Level 7.8 Invocations


You had 9 spell levels left.
You didn't know any spells.

Dungeon Overview and Level Annotations

Branches:
Dungeon (9/15)             Temple (0/1) D:6
   Lair: D:8-11         Orc: D:9-12

Altars:
Ashenzari
Dithmenos
Elyvilon
Gozag
Makhleb
Qazlal
Trog
Vehumet
Xom
Yredelemnul

Shops:
D:4 =


Innate Abilities, Weirdness & Mutations

You have a pair of large horns on your head.
You have a moderately thin skeletal structure. (Dex +4, Stealth+)
A weak demonic guardian rushes to your aid.
You are partially covered in sharp spines.
You are somewhat resistant to further mutation.


Message History

The yak gores you.
* * * LOW HITPOINT WARNING * * *
The yak is struck by your spines. The yak barely misses you.
Your iron imp barely misses the yak.
Unknown command.
Your iron imp disappears in a puff of smoke!
You swap places.
Your iron imp hits the yak.
The yak gores your iron imp. The yak barely misses your iron imp.
Your iron imp barely misses the yak.
Your iron imp hits the yak!
The yak dies!
Lugonu accepts your kill.
Your Armour skill increases to level 8!
You have reached level 10!
Your demonic ancestry asserts itself...
The horns on your head grow some more. The yak gores your iron imp.
Your iron imp hits the yak but does no damage.
There is a stone staircase leading up here.
The yak is struck by your spines. The yak gores you!
You die...

#....).......
#............
#............
#h...........
#..5Y..#.....
#.Y.Y.###....
#Y...## #...
#Y.(## #..
#@.(.# ..
#.....#
#(.....#
#.........
#..........
#..........
#..........
#..........


You could see 5 yaks, a black bear and a friendly iron imp.

Vanquished Creatures
  Pikel (D:5)
  Psyche (D:8)
  Prince Ribbit (D:5)
  Sigmund (D:2)
  The ghost of Millan the Ducker, an amateur FeBe of Trog (D:4)
  The ghost of Andry07 the Skirmisher, an amateur DrSk (D:3)
  A sky beast (D:5)
  An ice beast (D:6)
  An orc warrior (D:6)
  2 centaurs
  2 ogres
  6 scorpions
  8 killer bees (D:7)
  2 howler monkeys (D:7)
  A crimson imp (D:7)
  4 orc wizards
  A bullfrog skeleton (D:4)
  A gnoll shaman (D:4)
  2 hounds
  An orc priest (D:6)
  A centaur skeleton (D:6)
  Jessica (D:3)
  5 worker ants
  A killer bee zombie (D:8)
  Robin (D:2)
  17 adders
  9 gnolls
  2 shadow imps
  An ooze (D:2)
  2 adder skeletons
  3 worms
  4 dart slugs
  4 leopard geckos
  18 orcs
  6 giant cockroaches
  8 goblins
  7 hobgoblins
  16 jackals
  10 quokkas
  12 bats
  5 frilled lizards
  2 gnoll zombies (D:2)
  A jackal skeleton (D:4)
  4 kobolds
  A quokka skeleton (D:4)
  6 rats
  2 fungi (D:4)
188 creatures vanquished.

Vanquished Creatures (collateral kills)
  The ghost of Pepeogr the Firebug, an amateur DrFE (D:5)
  A yak (D:9)
  Blork the orc (D:5)
  3 scorpions (D:4)
  A bullfrog zombie (D:5)
  2 gnolls
  An orc (D:4)
  3 bats (D:4)
  A goblin (D:2)
14 creatures vanquished.

Vanquished Creatures (others)
  An orc wizard (D:5)
  An adder (D:5)
2 creatures vanquished.

Grand Total: 204 creatures vanquished

Notes
Turn   | Place    | Note
-------+----------+-------------------------------------------
     0 | Abyss:1  | Gargoyl the Demonspawn Abyssal Knight began the quest for the Orb.
     0 | Abyss:1  | Reached XP level 1. HP: 18/18 MP: 2/2
   102 | Abyss:3  | Noticed a neqoxec
   104 | D:1      | Escaped the Abyss
   319 | D:1      | Reached skill level 2 in Armour
   516 | D:1      | Gained mutation: You have a pair of small horns on your head. [demonic ancestry]
   516 | D:1      | Reached XP level 2. HP: 24/24 MP: 3/3
   519 | D:1      | Reached * piety under Lugonu
  1116 | D:2      | Reached XP level 3. HP: 27/29 MP: 5/5
  1432 | D:2      | Found a shimmering altar of Xom.
  1432 | D:2      | Found a white marble altar of Elyvilon.
  1469 | D:2      | Found a stormy altar of Qazlal.
  1504 | D:2      | Noticed Robin
  1543 | D:2      | Found a bloodstained altar of Trog.
  1606 | D:2      | Gained mutation: A weak demonic guardian rushes to your aid. [demonic ancestry]
  1606 | D:2      | Reached XP level 4. HP: 28/35 MP: 6/6
  2285 | D:2      | Found an opulent altar of Gozag.
  2290 | D:2      | Reached ** piety under Lugonu
  2298 | D:2      | Reached skill level 3 in Armour
  2301 | D:2      | Killed Robin
  2497 | D:2      | Noticed Sigmund
  2522 | D:2      | Gained mutation: You are somewhat resistant to further mutation. [potion of mutation]
  2522 | D:2      | Gained mutation: You have a pair of horns on your head. [potion of mutation]
  2530 | D:2      | Killed Sigmund
  2530 | D:2      | Reached skill level 1 in Dodging
  2530 | D:2      | Reached XP level 5. HP: 9/41 MP: 6/8
  2880 | D:2      | Found a basalt altar of Yredelemnul.
  3000 | D:2      | Gained mutation: You have a somewhat thin skeletal structure. (Dex +2, Stealth) [demonic ancestry]
  3000 | D:2      | Reached XP level 6. HP: 46/47 MP: 9/9
  3146 | D:2      | Found a burning altar of Makhleb.
  3218 | D:3      | Noticed Jessica
  3225 | D:3      | Killed Jessica
  3260 | D:3      | Noticed Andry07's ghost (amateur DrSk)
  4128 | D:3      | Killed Andry07's ghost
  4128 | D:3      | Reached skill level 4 in Armour
  4537 | D:4      | Gained mutation: You are partially covered in sharp spines. [demonic ancestry]
  4537 | D:4      | Reached XP level 7. HP: 54/54 MP: 10/10
  4670 | D:4      | Reached *** piety under Lugonu
  4731 | D:4      | Noticed Millan's ghost (amateur FeBe)
  4743 | D:4      | Killed Millan's ghost
  4743 | D:4      | Reached skill level 5 in Axes
  4749 | D:4      | Reached skill level 5 in Armour
  4953 | D:4      | Reached skill level 5 in Invocations
  5011 | D:4      | Found Xiuclosh's Jewellery Emporium.
  5024 | D:4      | Bought an uncursed ring of poison resistance for 200 gold pieces
  5144 | D:4      | Gained mutation: You have a moderately thin skeletal structure. (Dex +4, Stealth+) [demonic ancestry]
  5144 | D:4      | Reached XP level 8. HP: 59/61 MP: 11/11
  5212 | D:5      | Entered Level 5 of the Dungeon
  5212 | D:5      | Found a radiant altar of Vehumet.
  5228 | D:5      | Noticed Blork the orc
  5241 | D:5      | Killed Blork the orc
  5261 | D:5      | Noticed Pikel
  5293 | D:5      | Killed Pikel
  5293 | D:5      | Reached skill level 6 in Armour
  5411 | D:5      | Noticed Pepeogr's ghost (amateur DrFE)
  5430 | D:5      | Killed Pepeogr's ghost
  5571 | D:5      | Found a shattered altar of Ashenzari.
  5577 | D:5      | Noticed Prince Ribbit
  5584 | D:5      | Killed Prince Ribbit
  5584 | D:5      | Reached skill level 5 in Fighting
  5584 | D:5      | Reached XP level 9. HP: 53/68 MP: 13/13
  5587 | D:5      | Reached **** piety under Lugonu
  5683 | D:5      | Found a shadowy altar of Dithmenos.
  6083 | D:6      | Found a staircase to the Ecumenical Temple.
  6794 | D:6      | Reached skill level 7 in Armour
  8265 | D:8      | Noticed Psyche
  8281 | D:8      | Killed Psyche
  8621 | D:9      | Reached skill level 8 in Armour
  8621 | D:9      | Gained mutation: You have a pair of large horns on your head. [demonic ancestry]
  8621 | D:9      | Reached XP level 10. HP: 6/76 MP: 15/15
  8623 | D:9      | Slain by a yak

Skill      XL: |  1  2  3  4  5  6  7  8  9 |
---------------+----------------------------+-----
Axes           | 2 3 4 5 6 7 |  7.8
Armour         | 2 3 4 5 6 8 |  8.0
Invocations    | 3 4 5 6 7 |  7.8
Dodging        | 1 2 |  2.7
Fighting       | 4 5 |  5.8

Action                   |  1- 3 |  4- 6 |  7- 9 | 10-12 || total
-------------------------+-------+-------+-------+-------++-------
Melee: Hand axe          |   104 |   169 |   149 |       ||   422
       Headbutt          |    12 |    32 |    50 |       ||    94
       War axe           |       |       |   131 |       ||   131
Invok: Depart the Abyss  |     1 |       |       |       ||     1
  Use: Scroll            |     5 |     1 |     3 |       ||     9
       Potion            |       |     8 |     2 |       ||    10
 Stab: Distracted        |       |       |     1 |       ||     1
  Eat: Chunk             |     2 |     5 |    11 |       ||    18
       Bread ration      |       |     1 |       |       ||     1
       Fruit             |       |       |     3 |       ||     3
Armor: Chain mail        |   105 |   114 |   147 |       ||   366
Dodge: Dodged            |    39 |    67 |   111 |       ||   217
